 Dungeon Crawl Stone Soup version 0.31-a0-702-gf82c85558f (webtiles) character file.

Game seed: 13110348231104046600

1836 qw the Skirmisher (level 9, -3/55 HPs)
             Began as a Gargoyle Hunter on Sept 8, 2023.
             Slain by a two-headed ogre
             ... wielding a +0 giant spiked club
              (14 damage)
             ... on level 5 of the Dungeon.
             The game lasted 00:01:41 (3781 turns).

qw the Skirmisher (Gargoyle Hunter)                 Turns: 3781, Time: 00:01:41

Health: -3/55      AC: 15    Str: 14    XL:     9   Next: 11%
Magic:  9/9        EV: 12    Int: 11    God:
Gold:   235        SH:  0    Dex: 17    Spells: 8/8 levels left

rFire   . . .        f - +2 arbalest (heavy)
rCold   . . .        (shield currently unavailable)
rNeg    + . .        g - +0 ring mail
rPois   inf          (helmet restricted)
rElec   +            d - scarf {repulsion}
rCorr   .            (no gloves)
SInv    .            c - +2 pair of boots
Will    .....        j - amulet of regeneration
Stlth   +            (no ring)
HPRegen 1.09/turn    (no ring)
MPRegen 0.11/turn

%: repel missiles
@: no status effects
A: sickness immunity, AC +6, negative energy resistance 1, electricity
resistance, torment resistance 1, petrification resistance, horns 1, wild magic
1
a: no special abilities


You were on level 5 of the Dungeon.
You visited 1 branch of the dungeon, and saw 5 of its levels.

You collected 346 gold pieces.
You spent 111 gold pieces at shops.


Innate Abilities, Weirdness & Mutations

You are immune to sickness and miasma.
Your stone body is resilient. (AC +6)
You are immune to poison.
You resist negative energy. (rN+)
You are resistant to electric shocks. (rElec)
You are resistant to unholy torment.
You are immune to petrification.
You have a pair of small horns on your head.
Your spells are a little harder to cast, but a little more powerful.


   Skills:
 + Level 6.0 Fighting
 - Level 10.2 Ranged Weapons
 - Level 3.2 Armour
 - Level 3.0 Dodging
 - Level 1.1 Stealth


You had 8 spell levels left.
You didn't know any spells.
Your spell library was empty.

Inventory:

Hand Weapons
 f - a +2 heavy arbalest (weapon)
Armour
 c - a +2 pair of boots (worn)
 d - a scarf of repulsion (worn)
 g - a +0 ring mail (worn)
Jewellery
 j - an amulet of regeneration (around neck)
Scrolls
 a - 4 scrolls of teleportation
 h - 2 scrolls of enchant armour
 k - a scroll of identify
Potions
 b - 2 potions of mutation
 e - a potion of curing
 i - a potion of resistance
 l - a potion of invisibility {unknown}
 n - a potion of ambrosia {unknown}
 o - a potion of magic {unknown}

Dungeon Overview and Level Annotations

Branches:
Dungeon (5/15)
 Temple: D:4-7

Altars:
Dithmenos
Fedhas
Nemelex Xobeh

Shops:
D:5 (


Message History

You kill the centaur!
You start resting.
You hear the rapid hiss of a very distant avalanche of sand.
HP restored.
You now have 235 gold pieces (gained 14).
You see here a black bear corpse.
You open the door.
An acid dragon and a two-headed ogre come into view.
Found six items.
Enter note:
Enter note:
Enter note:
3776 |||
Found retreat position at -4,-5 (floor) with 0 blocking monsters and 1 monsters attacking at destination at distance 47
Enter note:
Enter note:
Enter note:
3776 ||| RETREATING.
You shoot a bolt. The bolt barely misses the acid dragon.
You hear two shouts!
The acid dragon bites you. The acid dragon barely misses you.
Enter note:
Enter note:
Enter note: You shoot a bolt.
The bolt hits the acid dragon!!!
You kill the acid dragon!
You hear the rapid hiss of a very distant avalanche of sand.
The two-headed ogre closely misses you.
The two-headed ogre hits you but does no damage.
Your Ranged Weapons skill increases to level 10!
You shoot a bolt.
The bolt completely misses the two-headed ogre.
The two-headed ogre hits you with a +0 giant spiked club!!
The two-headed ogre closely misses you.
You shoot a bolt. The bolt hits the two-headed ogre.
The two-headed ogre is lightly wounded.
The two-headed ogre hits you with a +0 giant spiked club!
The two-headed ogre completely misses you.
The two-headed ogre hits you with a +0 giant spiked club!
The two-headed ogre hits you with a +0 giant club!
You die... #...........\....#..# #....#.##...........# 7777

#....#.###%....#.#.## 7..77
######...##...##.#.## 77_.7
#..######.#.#..# 7..7
#..########.#.## 77..
#..#..'(.)#.#..# 77.
#..#.O#?|=#....# 7. #..#.@#
O=###..# 7. #..#..##### #..#
7. #..#......###..# 77.
#..#......#....####7..
..#####..#####..##)#........
......#..#......##.######.##
/.....#..#.)%...##.######.#
####..#..#..#####.........#
.....#..#......###########


You could see a two-headed ogre.

Vanquished Creatures
  5 yaks (D:5)
  An acid dragon (D:5)
  2 sky beasts
  A black bear (D:5)
  A centaur (D:5)
  A phantom (D:5)
  2 scorpions
  3 hounds
  An orc wizard (D:5)
  6 iguanas
  6 gnolls
  8 adders
  A worm (D:4)
  3 dart slugs
  2 orcs
  8 endoplasms
  2 giant cockroaches
  8 goblins
  5 hobgoblins
  12 jackals
  6 quokkas
  9 ball pythons
  2 bats
  A frilled lizard (D:1)
  13 kobolds
  3 rats
112 creatures vanquished.

Notes
Turn   | Place    | Note
-------+----------+-------------------------------------------
     0 | D:1      | qw the Gargoyle Hunter began the quest for the Orb.
     0 | D:1      | Reached XP level 1. HP: 12/12 MP: 1/1
     0 | D:1      | 0 ||| qw: Version: 0.3-a-76-g4403597
     0 | D:1      | 0 ||| qw: Game counter: 1049
     0 | D:1      | 0 ||| qw: Melee chars always use a shield: true
     0 | D:1      | 0 ||| qw: God list: Okawaru
     0 | D:1      | 0 ||| qw: Allow faded altars: false
     0 | D:1      | 0 ||| qw: Do Orc after clearing Dungeon:15 true
     0 | D:1      | 0 ||| qw: Do second Lair branch before Depths: true
     0 | D:1      | 0 ||| qw: Lair rune preference: random
     0 | D:1      | 0 ||| qw: Goals: Normal
     0 | D:1      | 0 ||| PLANNING D:1-11
    44 | D:1      | Reached XP level 2. HP: 17/17 MP: 2/2
   373 | D:1      | Reached XP level 3. HP: 21/21 MP: 3/3
   390 | D:1      | Reached skill level 5 in Ranged Weapons
   811 | D:1      | Reached skill level 3 in Fighting
   862 | D:1      | 862 ||| UPGRADING to +0 ring mail.
   872 | D:1      | 872 ||| DROPPING +0 leather armour.
   873 | D:1      | 873 ||| READING 2 scrolls labelled VOULIFOIPT.
   876 | D:1      | 876 ||| READING scroll labelled WOMYAMIUCO.
   877 | D:1      | 877 ||| READING scroll labelled NINGOT ISUCKAT.
   878 | D:1      | 878 ||| DROPPING scroll of butterflies.
   913 | D:2      | Reached XP level 4. HP: 28/28 MP: 4/4
   936 | D:2      | Reached skill level 1 in Armour
   962 | D:2      | Identified the +7 sling "Ashuw" {antimagic, rN+}
   964 | D:2      | 964 ||| SWAPPING to +7 sling "Ashuw" {antimagic, rN+}.
   965 | D:2      | 965 ||| DROPPING +0 shortbow.
  1069 | D:2      | Found a blossoming altar of Fedhas.
  1129 | D:2      | Found a faded altar of an unknown god.
  1530 | D:2      | 1530 ||| UPGRADING to +0 pair of boots.
  1535 | D:2      | 1535 ||| UPGRADING to +2 helmet.
  1540 | D:2      | 1540 ||| UPGRADING to amulet of regeneration.
  1545 | D:2      | 1545 ||| READING scroll labelled SEMOPITOEQ.
  1546 | D:2      | 1546 ||| READING scroll labelled ZAK EZUBAJ.
  1547 | D:2      | 1547 ||| READING scroll labelled SUMAUGG NECW.
  1714 | D:3      | 1714 ||| READING 3 scrolls of enchant armour.
  1714 | D:3      | 1714 ||| ENCHANTING +0 pair of boots.
  1715 | D:3      | 1715 ||| READING 2 scrolls of enchant armour.
  1715 | D:3      | 1715 ||| ENCHANTING +1 pair of boots.
  1824 | D:3      | Reached XP level 5. HP: 32/32 MP: 1/5
  2153 | D:3      | Reached skill level 6 in Ranged Weapons
  2224 | D:3      | 2224 ||| DROPPING scarf of invisibility.
  2225 | D:3      | 2225 ||| READING 2 scrolls labelled RAKIEM QABRUAN.
  2226 | D:3      | 2226 ||| DRINKING 3 bubbling grey potions.
  2226 | D:3      | Gained mutation: You have a pair of small horns on your
                  | head. [potion of mutation]
  2226 | D:3      | Gained mutation: Your spells are a little harder to cast,
                  | but a little more powerful. [potion of mutation]
  2227 | D:3      | 2227 ||| DROPPING +2 helmet.
  2228 | D:3      | 2228 ||| DRINKING 2 fuming coppery potions.
  2551 | D:4      | 2551 ||| READING 3 scrolls labelled ITIVIW GYSY.
  2552 | D:4      | 2552 ||| DRINKING 2 metallic pink potions.
  2580 | D:4      | 2580 ||| READING 2 scrolls of identify.
  2580 | D:4      | 2580 ||| IDENTIFYING yellow potion
  2581 | D:4      | 2581 ||| DROPPING potion of lignification.
  2582 | D:4      | 2582 ||| DROPPING 2 scrolls of vulnerability.
  2706 | D:4      | Reached XP level 6. HP: 38/38 MP: 2/6
  2779 | D:4      | Found a shadowy altar of Dithmenos.
  2968 | D:4      | Noticed a sky beast
  2986 | D:4      | Killed a sky beast
  3001 | D:4      | Reached skill level 7 in Ranged Weapons
  3284 | D:5      | Entered Level 5 of the Dungeon
  3285 | D:5      | 3285 ||| PLANNING OSSUARY
  3287 | D:5      | Found Lysko's Weapon Shoppe.
  3304 | D:5      | 3304 ||| BUYING +0 heavy arbalest (111 gold).
  3304 | D:5      | Bought a +0 heavy arbalest for 111 gold pieces
  3304 | D:5      | 3304 ||| SWAPPING to +0 heavy arbalest.
  3305 | D:5      | 3305 ||| DROPPING +7 sling "Ashuw" {antimagic, rN+}.
  3306 | D:5      | 3306 ||| READING scroll of enchant weapon.
  3306 | D:5      | 3306 ||| ENCHANTING +0 heavy arbalest.
  3381 | D:5      | Noticed a yak
  3382 | D:5      | Noticed a yak
  3382 | D:5      | Noticed a yak
  3382 | D:5      | Noticed a yak
  3383 | D:5      | 3383 ||| RETREATING.
  3384 | D:5      | Killed a yak
  3385 | D:5      | Reached XP level 7. HP: 43/43 MP: 7/7
  3391 | D:5      | 3391 ||| RETREATING.
  3397 | D:5      | 3397 ||| Stepping ~*~*~tactically~*~*~ (retreating).
  3398 | D:5      | 3398 ||| Stepping ~*~*~tactically~*~*~ (retreating).
  3399 | D:5      | Noticed a yak
  3401 | D:5      | Killed a yak
  3402 | D:5      | Reached skill level 8 in Ranged Weapons
  3404 | D:5      | Killed a yak
  3406 | D:5      | Killed a yak
  3407 | D:5      | Reached skill level 3 in Armour
  3407 | D:5      | Reached XP level 8. HP: 40/49 MP: 8/8
  3414 | D:5      | Killed a yak
  3415 | D:5      | Reached skill level 3 in Dodging
  3475 | D:5      | Found a sparkling altar of Nemelex Xobeh.
  3550 | D:5      | 3550 ||| READING scroll of enchant weapon.
  3550 | D:5      | 3550 ||| ENCHANTING +1 heavy arbalest.
  3589 | D:5      | Found a blossoming altar of Fedhas.
  3657 | D:5      | 3657 ||| UPGRADING to scarf of repulsion.
  3662 | D:5      | 3662 ||| READING scroll labelled UGAYLUV JELUAP.
  3685 | D:5      | 3685 ||| RETREATING.
  3690 | D:5      | Reached skill level 9 in Ranged Weapons
  3699 | D:5      | Reached skill level 6 in Fighting
  3743 | D:5      | Reached XP level 9. HP: 29/55 MP: 9/9
  3775 | D:5      | Noticed a two-headed ogre
  3776 | D:5      | 3776 ||| RETREATING.
  3780 | D:5      | Reached skill level 10 in Ranged Weapons
  3781 | D:5      | HP: 11/55 [two-headed ogre/+0 giant spiked club (9)]
  3781 | D:5      | Slain by a two-headed ogre

Levels and vault maps discovered:
D:1:      onia_arrival_pentagram, layout_basic
D:2:      layout_basic, hellmonk_ecumenical_altar_lost_god, basic_altar
D:3:      layout_loops_cross, minmay_randomly_rotated_circles
D:4:      layout_basic, kennysheep_mini, serial_co_window_serial,
          co_window_paths_a, co_window_of_opportunity_a, co_window_paths_a,
          co_window_paths_a, co_window_of_opportunity_a,
          co_window_of_opportunity_a, co_window_of_opportunity_a,
          co_window_unsneaky_path_e, co_window_corner_b, co_window_corner_ca,
          co_window_paths_e, co_window_paths_d
D:5:      kennysheep_windowed_halls, layout_basic, fedhas_altar_4,
          lemuel_coloured_pillars_altar, minmay_temple_entry_crystal_x,
          serial_shops, nicolae_shop_bloodbath_and_beyond, enter_ossuary_4

Skill      XL: |  1  2  3  4  5  6  7  8  9 |
---------------+----------------------------+-----
Ranged Weapons | 5 6 7 8 9 10 | 10.2
Fighting       | 3 4 5 6 |  6.0
Armour         | 1 3 |  3.2
Dodging        | 3 |  3.0
Stealth        | |  1.1

Action                     |  1- 3 |  4- 6 |  7- 9 || total
---------------------------+-------+-------+-------++-------
   Fire: Shortbow          |   100 |     9 |       ||   109
         Sling             |       |   130 |       ||   130
         Arbalest          |       |     2 |    71 ||    73
    Use: Scroll            |     3 |     9 |     2 ||    14
         Potion            |       |     3 |       ||     3
 Armour: Leather armour    |    38 |       |       ||    38
         Ring mail         |       |    29 |   119 ||   148
  Dodge: Dodged            |    46 |    27 |    87 ||   160

Table legend:
 A = Non-vault XP
 B = Vault XP
 C = Vault XP percentage of total XP
 D = Non-vault monster count
 E = Vault monster count
 F = Vault count percentage of total count
                 A         B        C        D         E       F
            +---------+---------+-------+---------+---------+-------
      Total |    1758 |     866 |  33.0 |      94 |      18 |  16.1
            +---------+---------+-------+---------+---------+-------
        D:1 |      72 |       0 |   0.0 |      33 |       0 |   0.0
        D:2 |      27 |       0 |   0.0 |      14 |       0 |   0.0
        D:3 |     104 |      22 |  17.5 |      15 |       6 |  28.6
        D:4 |     379 |       0 |   0.0 |      21 |       0 |   0.0
        D:5 |    1176 |     844 |  41.8 |      11 |      12 |  52.2
            +---------+---------+-------+---------+---------+-------
